 Dungeon Crawl Stone Soup version 0.28-a0-445-g51f8dfeb47 (webtiles) character file.

Game seed: 7513295913558056239

61 Morbidden the Skirmisher (level 3, -1/29 HPs)
             Began as a Demonspawn Cinder Acolyte on Sept 12, 2021.
             Was a High Priest of Ignis.
             Succumbed to an adder's poison
             ... on level 2 of the Dungeon.
             The game lasted 00:02:26 (2154 turns).

Morbidden the Skirmisher (DsCA)                     Turns: 2154, Time: 00:02:26

Health: -1/29      AC:  2    Str: 14    XL:     3   Next: 83%
Magic:  0/4        EV: 11    Int: 16    God:    Ignis [*****.]
Gold:   62         SH:  0    Dex:  8    Spells: 2/4 levels left

rFire   + . .      SeeInvis .   a - -1 falchion (flame)
rCold   . . .      Faith    .   (no shield)
rNeg    . . .      Spirit   .   b - +0 robe
rPois   .          Reflect  .   (no helmet)
rElec   .          Harm     .   (no cloak)
rCorr   .          Rampage  .   (no gloves)
Will    .....                   (no boots)
Stlth   +.........              (no amulet)
HPRegen 0.09/turn               (no ring)
MPRegen 0.09/turn               (no ring)

@: lethally poisoned (-1 -> -20)
A: ignite blood 2
a: Renounce Religion, Sea of Fire, Foxfire Swarm, Rising Flame


You were on level 2 of the Dungeon.
You worshipped Ignis.
Ignis was extremely pleased with you.
You visited 1 branch of the dungeon, and saw 2 of its levels.

You collected 62 gold pieces.

Inventory:

Hand Weapons
 a - a -1 falchion of flaming (weapon)
Armour
 b - a +0 robe (worn)
 c - a +0 cloak
Scrolls
 e - a scroll of amnesia {unknown}
 f - a scroll of fog {unknown}
 g - a scroll of identify {unknown}
 i - a scroll of enchant weapon {unknown}
 j - a scroll of enchant armour {unknown}
Potions
 d - a potion of brilliance {unknown}
 h - a potion of mutation {unknown}
 k - 2 potions of magic {unknown}
 l - a potion of flight {unknown}


   Skills:
 * Level 3.5 Fighting
 + Level 3.4 Long Blades
 + Level 0.8 Dodging
 * Level 1.1 Spellcasting
 * Level 3.1 Fire Magic


You had 2 spell levels left.
You knew the following spells:

 Your Spells              Type           Power      Damage    Failure   Level
a - Scorch                Fire           20%        2d6       10%         2

Your spell library contained the following spells:

 Spells                   Type           Power      Damage    Failure   Level


Dungeon Overview and Level Annotations

Branches:
Dungeon (2/15)

Altars:

Shops:
D:2 (


Innate Abilities, Weirdness & Mutations

Your demonic aura often causes spilled blood to erupt in flames.


Message History

An endoplasm comes into view.
An endoplasm is nearby!
The endoplasm quivers.
You hit the endoplasm. You burn the endoplasm.
You kill the endoplasm!
No target in view!
No target in view!
An adder comes into view.
An adder is nearby!
Found a scroll labelled CEPELA SEAGYQ.
The adder hisses angrily.
Unknown command.
Unknown command.
You barely miss the adder. The adder bites you.
You are poisoned.
The adder poisons you!
You barely miss the adder.
You feel sick. The adder bites you. The adder completely misses you.
Unknown command.
You miss the adder.
You feel sick. The adder bites you.
You are more poisoned.
The adder poisons you!
You are too injured to fight recklessly!
Casting: Scorch (safe; 10% risk of failure)
Confirm with . or Enter, or press ? or * to list all spells.
Flames lash the adder.
The adder is heavily wounded.
The adder's fire resistance burns away.
You feel sick. The adder bites you.
You feel sick. The adder bites you.
* * * LOW HITPOINT WARNING * * *
You are lethally poisoned!
The adder poisons you! The adder bites you.
* * * LOW HITPOINT WARNING * * *
You are more poisoned.
The adder poisons you!
Casting: Scorch (safe; 10% risk of failure)
Confirm with . or Enter, or press ? or * to list all spells.
Flames lash the adder.
The adder is burned terribly!
You kill the adder!
You die...

#.## #.## #.## .# #.## .#
#... # # #.# #### #.#.
..# #.#...####.#
#.?...†@...####
####.##.......# ..#. #.
#.......# ###...##
#####.##.......# ........
.......†..........#......
#####.).......##.#......
####........>## #.....#
#............##.##..... #
#.##)#########.........


There were no monsters in sight!

Vanquished Creatures
  2 adders (D:2)
  2 worms (D:2)
  3 endoplasms (D:2)
  4 goblins
  7 hobgoblins
  4 jackals (D:1)
  4 quokkas
  2 ball pythons (D:2)
  8 bats
  A kobold (D:1)
  5 rats
42 creatures vanquished.

Notes
Turn   | Place    | Note
-------+----------+-------------------------------------------
     0 | D:1      | Morbidden the Demonspawn Cinder Acolyte began the quest for
                  | the Orb.
     0 | D:1      | Reached XP level 1. HP: 18/18 MP: 2/2
   591 | D:1      | Gained mutation: Your demonic aura sometimes causes spilled
                  | blood to erupt in flames. [demonic ancestry]
   591 | D:1      | Reached XP level 2. HP: 24/24 MP: 3/3
  1186 | D:2      | Gained mutation: Your demonic aura often causes spilled
                  | blood to erupt in flames. [demonic ancestry]
  1186 | D:2      | Reached XP level 3. HP: 26/29 MP: 4/4
  1240 | D:2      | Learned a level 2 spell: Scorch
  1685 | D:2      | Found Esuidir's Weapon Boutique.
  2154 | D:2      | Succumbed to an adder's poison

Illustrated notes

Levels and vault maps discovered:
D:1:      eino_arrival_cavern_e, layout_rooms
D:2:      layout_loops_cross, serial_shops, shop, minmay_hexomino_p4

Skill      XL: |  1  2 |
---------------+-------+-----
Long Blades    | 3 |  3.4
Fire Magic     | 3 |  3.1
Fighting       | |  3.5
Dodging        | |  0.8
Spellcasting   | |  1.1

Action                   || total
-------------------------++-------
Melee: Falchion          ||   129
 Cast: Scorch            ||    13
Armor: Robe              ||    33
Dodge: Dodged            ||   108

Table legend: (Time is in decaauts)
 A = Elapsed time spent in this place.
 B = Non-inter-level travel time spent in this place.
 C = Inter-level travel time spent in this place.
 D = Time resting spent in this place.
 E = Time spent auto-exploring this place.
 F = Levels seen in this place.
 G = Mean time per level.
                   A        B        C        D        E       F      G
               +--------+--------+--------+--------+--------+-----+--------+
         Total |   2174 |   2155 |     19 |    337 |   1468 |   2 | 1087.0 |
       Dungeon |   2174 |   2155 |     19 |    337 |   1468 |   2 | 1087.0 |
               +--------+--------+--------+--------+--------+-----+--------+

Top non-repeatable levels by time:
     D:1: 1229 daAuts
     D:2: 944 daAuts
